 Dungeon Crawl Stone Soup version 0.21-a0-440-g28109cb (webtiles) character file.

28 kae the Skirmisher (level 3, -1/33 HPs)
             Began as a Hill Orc Fighter on Nov 11, 2017.
             Slain by Sigmund
             ... wielding a +0 scythe of slicing
              (2 damage)
             ... on level 2 of the Dungeon.
             The game lasted 00:01:31 (822 turns).

kae the Skirmisher (Hill Orc Fighter)                Turns: 822, Time: 00:01:32

Health: -1/33      AC:  6    Str: 19    XL:     3   Next: 12%
Magic:  3/3        EV:  7    Int:  8    God:
Gold:   30         SH:  9    Dex: 10    Spells: 2/2 levels left

rFire    . . .     SeeInvis .   a - +0 war axe
rCold    . . .     Gourm    .   c - +0 shield
rNeg     . . .     Faith    .   b - +0 scale mail
rPois    .         Spirit   .   (no helmet)
rElec    .         Reflect  .   (no cloak)
rCorr    .         Harm     .   (no gloves)
MR       .....                  (no boots)
Stlth    ..........             (no amulet)
HPRegen  0.11/turn              (no ring)
MPRegen  0.08/turn              (no ring)

@: no status effects
A: no striking features
a: no special abilities


You were on level 2 of the Dungeon.
You were not hungry.

You visited 1 branch of the dungeon, and saw 2 of its levels.

You collected 30 gold pieces.

Inventory:

Hand Weapons
 a - a +0 war axe (weapon)
Armour
 b - a +0 scale mail (worn)
 c - a +0 shield (worn)
Scrolls
 j - a scroll of magic mapping
Potions
 d - a potion of might
 e - a potion of heal wounds {unknown}
 h - a potion of brilliance {unknown}
 i - a potion of ambrosia {unknown}
Comestibles
 f - 2 bread rations
 g - a fruit
 k - 8 chunks of flesh


   Skills:
 + Level 4.0 Fighting
 * Level 3.8 Axes
 + Level 3.6 Armour
 - Level 3.2 Shields


You had 2 spell levels left.
You didn't know any spells.

Dungeon Overview and Level Annotations

Branches:
Dungeon (2/15)

Altars:

Annotations:
D:2 Sigmund


Message History

It is a wand of digging (?/24).
There is an open door here.
A hobgoblin comes into view. It is wielding a club.
The hobgoblin shouts!
The hobgoblin closely misses you.
You slash the hobgoblin!
You kill the hobgoblin!
Things that are here:
a club; a hobgoblin corpse Sigmund gestures wildly while chanting.
Sigmund flickers and vanishes!
Deactivating autopickup; reactivate with Ctrl-A.
A puff of flame appears from out of thin air!
The puff of flame hits you! Something hits you. Something hits you!
* * * LOW HITPOINT WARNING * * *
You closely miss something. Something hits you!
* * * LOW HITPOINT WARNING * * *
You die...

.......# #.........####.# #.#
.......#*#.......### #.###.#
****##,,*#........# #.....#
,,*,...,*#.......#****#######
*,*,*#..#####'#..#*,,,,,,,*
,,,,*#.........#.#*,*****,*
,,,,++........##.#*,*<* *,*
,,,,*#.%......##)#*,*,***,*
,,,,.......@#.##@#*,*,,,,,*
,,**####...##.##.#*,**********
,,*,,,...#.*#.##.#*,,,,,,,,,,*
,,*,*#####.,#.##.#**********,*
,,*,* #.,#.##.# *,***
,,*,*****#.,,.##.# *,,,*
,,*,,,,,,..*,,*#.#************,*
,,,,,,,,,,,,,>*#..,,,,,,,,,,,,,*
,**************###**************


There were no monsters in sight!

Vanquished Creatures
  A ball python (D:2)
  2 giant cockroaches (D:1)
  5 goblins
  7 hobgoblins
  A bat (D:1)
  2 frilled lizards (D:1)
  2 kobolds (D:1)
  4 rats (D:1)
24 creatures vanquished.

Notes
Turn   | Place    | Note
-------+----------+-------------------------------------------
     0 | D:1      | kae the Hill Orc Fighter began the quest for the Orb.
     0 | D:1      | Reached XP level 1. HP: 19/19 MP: 1/1
   126 | D:1      | Reached XP level 2. HP: 27/27 MP: 2/2
   639 | D:2      | Reached skill level 4 in Fighting
   650 | D:2      | Reached XP level 3. HP: 30/33 MP: 3/3
   804 | D:2      | Noticed Sigmund
   822 | D:2      | HP: 1/33 [something (9)]
   822 | D:2      | Slain by Sigmund

Vault maps used:
D:1:      dpeg_arrival_round_c
D:2:      uniq_sigmund

Skill      XL: |  1  2 |
---------------+-------+-----
Axes           | 3 |  3.8
Fighting       | 4 |  4.0
Armour         | |  3.6
Shields        | |  3.2

Action                   || total
-------------------------++-------
Melee: War axe           ||    77
  Use: Scroll            ||     3
Armor: Scale mail        ||    35
Dodge: Dodged            ||    25
Block: Shield            ||    37

Table legend:
 A = Spawn XP
 B = Non-spawn XP
 C = Spawn XP percentage of total XP
 D = Spawn monster count
 E = Non-spawn monster count
 F = Spawn count percentage of total count
 G = Total turns spent on level
                    A         B        C        D         E        F      G
               +---------+---------+-------+---------+---------+-------+---------
         Total |       0 |      40 |   0.0 |       0 |      24 |   0.0 |   822
               +---------+---------+-------+---------+---------+-------+---------
           D:1 |       0 |      28 |   0.0 |       0 |      18 |   0.0 |   589
           D:2 |       0 |      12 |   0.0 |       0 |       6 |   0.0 |   233
               +---------+---------+-------+---------+---------+-------+---------
